 Dungeon Crawl Stone Soup version 0.27.1-35-g4d5d836560 (console) character file.

Game seed: 8357439377890565551

2978 Banquo the Cleaver (level 10, 0/73 HPs)
             Began as a Formicid Fighter on Mar 4, 2022.
             Was an Initiate of Wu Jian.
             Succumbed to a gnoll sergeant's poison
             ... on level 7 of the Dungeon.
             The game lasted 00:24:11 (7919 turns).

Banquo the Cleaver (Formicid Fighter)               Turns: 7919, Time: 00:24:13

Health: 0/73       AC: 11    Str: 24    XL:     10   Next: 8%
Magic:  1/10       EV:  7    Int:  8    God:    Wu Jian [......]
Gold:   363        SH: 11    Dex: 16    Spells: 9/9 levels left

rFire    . . .     SeeInvis +   a - +6 exec axe {vorpal, rC+}
rCold    + . .     Faith    .   i - +0 kite shield
rNeg     . . .     Spirit   +   d - +0 chain mail {Will+}
rPois    +         Reflect  .   (helmet unavailable)
rElec    .         Harm     .   (no cloak)
rCorr    .         Rampage  .   g - +0 pair of gloves
Will     ++...                  (no boots)
Stlth    ..........             s - amulet of guardian spirit
HPRegen  0.22/turn              P - ring of poison resistance
MPRegen  0.12/turn              f - +6 ring of dexterity

@: lethally poisoned (0 -> -9)
A: permanent stasis, dig shafts and tunnels, antennae 3, four strong arms
a: Dig, Shaft Self, Renounce Religion


You were on level 7 of the Dungeon.
You worshipped Wu Jian.
Wu Jian was noncommittal.
You visited 2 branches of the dungeon, and saw 8 of its levels.

You collected 363 gold pieces.

Inventory:

Hand Weapons
 a - the +6 executioner's axe of Gallantry (weapon) {vorpal, rC+}
   (You acquired it on level 7 of the Dungeon)

   It inflicts extra damage upon your enemies.
   rC:        It protects you from cold.
 b - a +1 war axe of electrocution
 n - a +0 trident
 q - a +5 club
 r - a +0 war axe
 t - a +0 spear
 E - a +1 flail of draining
Missiles
 c - 52 poisoned darts
 h - 111 stones
 u - a throwing net
 x - 6 boomerangs
 G - 8 silver boomerangs
Armour
 d - a +0 chain mail of willpower (worn)
 g - a +0 pair of gloves (worn)
 i - a +0 kite shield (worn)
 j - a +0 chain mail
 v - a +0 scale mail
Jewellery
 f - a +6 ring of dexterity (right hand)
 s - an amulet of guardian spirit (around neck)
 z - a ring of ice
 F - a +6 ring of dexterity
 P - a ring of poison resistance (left hand)
Wands
 p - a wand of paralysis (7)
 A - a wand of acid (10)
Scrolls
 m - 2 scrolls of magic mapping
 y - a scroll of identify
 D - a scroll of noise
Potions
 e - 4 potions of heal wounds
 k - a potion of brilliance
 l - a potion of flight
 o - 4 potions of curing
 w - 2 potions of lignification
 B - a potion of might
 C - a potion of mutation


   Skills:
 * Level 4.5 Fighting
 * Level 11.8 Axes
 * Level 5.0 Armour
 * Level 2.0 Dodging
 * Level 5.0 Shields


You had 9 spell levels left.
You didn't know any spells.
Your spell library contained the following spells:

 Spells                   Type           Power      Damage    Failure   Level
 Shock                    Conj/Air       0%         1d3       100%        1
 Corpse Rot               Necr/Air       N/A        N/A       100%        2
 Poisonous Vapours        Pois/Air       0%         N/A       100%        2
 Airstrike                Air            0%         N/A       100%        4
 Freezing Cloud           Conj/Ice/Air   0%         6-21      100%        5
 Swiftness                Air            Unusable   N/A       N/A         3

Dungeon Overview and Level Annotations

Branches:
Dungeon (7/15)             Temple (1/1) D:6

Altars:
Ashenzari
Cheibriados
Dithmenos
Elyvilon
Fedhas
Gozag
Hepliaklqana
Kikubaaqudgha
Makhleb
Nemelex Xobeh
Okawaru
Qazlal
Ru
Sif Muna
Trog
Uskayaw
Vehumet
Wu Jian
Xom
Yredelemnul
Zin
The Shining One

Shops:
D:5 =

Annotations:
D:6 1 runed translucent door, Tzialkovskiy's ghost, novice TrBr


Innate Abilities, Weirdness & Mutations

You cannot be hasted, slowed, berserked, paralysed or teleported.
You can dig through walls and to a lower floor.
You have a pair of large antennae on your head. (SInv)
Your four strong arms can wield two-handed weapons with a shield.


Message History

You slice the brown ugly thing!!
You kill the brown ugly thing!
The Council accepts your kill.
Your Armour skill increases to level 5!
Your Dodging skill increases to level 2!
Your Shields skill increases to level 5!
You have reached level 10!
You slash the gnoll sergeant!
The gnoll sergeant is moderately wounded.
The gnoll sergeant hits you with a +7 spear of venom.
You are poisoned.
You block the gnoll sergeant's attack.
You hit the gnoll sergeant.
The gnoll sergeant is heavily wounded.
You feel very sick.
The gnoll sergeant hits you with a +7 spear of venom!
The gnoll sergeant blocks your attack.
The gnoll sergeant is heavily wounded.
You feel very sick. You block the gnoll sergeant's attack.
The gnoll sergeant hits you but does no damage.
You closely miss the gnoll sergeant.
The gnoll sergeant is heavily wounded.
You feel sick.
The gnoll sergeant hits you with a +7 spear of venom!
You closely miss the gnoll sergeant.
The gnoll sergeant is heavily wounded.
You feel sick. You block the gnoll sergeant's attack.
The gnoll sergeant hits you with a +7 spear of venom!
* * * LOW HITPOINT WARNING * * *
You are lethally poisoned!
Unknown command.
Are you sure you want to shaft yourself?
* * * LOW HITPOINT WARNING * * *
You feel very sick.
The gnoll sergeant hits you with a +7 spear of venom.
* * * LOW HITPOINT WARNING * * *
You begin to dig a shaft.
You continue digging a shaft.
You are no longer corroded.
You die...

#.##...<#.# #.#.#.#..#...#...
#.........######..########D##.⌠.
####.................##888g##..⌠
#.......)..)..)....{{{{.8#...
##...#<########.#.##888.##...
##.##.............####+##.⌠.
#.############..#### #... #.#
####.#.##.# #### #.#
#@#{###...#{ +... #.#
##g#.#.#..#####... #.######
####....#....####
#......#######......#...##
######.........###.#.....##
#########..>.........)
#######.....## ##...### #......


You could see a gnoll sergeant.

Vanquished Creatures
  An ugly thing (D:7)
  A hornet (D:7)
  A wyvern (D:7)
  3 orc warriors
  A black bear (D:4)
  An ice beast (D:4)
  2 necrophages (D:5)
  5 ogres
  2 centaurs
  A scorpion (D:4)
  A wyvern zombie (D:7)
  2 howler monkeys
  A gnoll shaman (D:7)
  A jelly (D:5)
  2 orc priests (D:7)
  4 hounds
  A centaur skeleton (D:3)
  Ijyb (D:3)
  5 iguanas
  4 orc wizards
  A hound skeleton (D:5)
  A howler monkey zombie (D:7)
  5 gnolls (D:7)
  A howler monkey skeleton (D:7)
  7 adders
  A shadow imp (D:7)
  A white imp (D:6)
  2 ufetubi (D:7)
  An adder skeleton (D:4)
  A worm (D:2)
  3 dart slugs
  24 orcs
  9 ball pythons
  7 bats
  8 endoplasms
  6 giant cockroaches
  6 goblins
  6 hobgoblins
  5 quokkas
  3 frilled lizards
  11 kobolds
  5 rats (D:1)
154 creatures vanquished.

Vanquished Creatures (others)
  A plant (D:4)
1 creature vanquished.

Grand Total: 155 creatures vanquished

Notes
Turn   | Place    | Note
-------+----------+-------------------------------------------
     0 | D:1      | Banquo the Formicid Fighter began the quest for the Orb.
     0 | D:1      | Reached XP level 1. HP: 18/18 MP: 1/1
    82 | D:1      | Reached XP level 2. HP: 17/24 MP: 2/2
   387 | D:1      | Reached skill level 3 in Axes
   480 | D:1      | Reached XP level 3. HP: 29/29 MP: 3/3
  1542 | D:2      | Reached skill level 4 in Axes
  1542 | D:2      | Reached XP level 4. HP: 28/35 MP: 4/4
  1666 | D:2      | Found a shimmering altar of Xom.
  1921 | D:2      | Found a shimmering altar of Xom.
  2666 | D:3      | Reached XP level 5. HP: 38/41 MP: 5/5
  2700 | D:3      | Reached skill level 5 in Axes
  2864 | D:3      | Found a sparkling altar of Nemelex Xobeh.
  2994 | D:3      | Noticed Ijyb
  3007 | D:3      | Killed Ijyb
  3008 | D:3      | Reached XP level 6. HP: 38/47 MP: 6/6
  3409 | D:4      | Reached skill level 6 in Axes
  3692 | D:4      | Noticed an orc warrior
  3915 | D:4      | Noticed a black bear
  3925 | D:4      | Killed a black bear
  3926 | D:4      | Reached skill level 7 in Axes
  3926 | D:4      | Reached XP level 7. HP: 52/52 MP: 7/7
  4303 | D:5      | Entered Level 5 of the Dungeon
  4362 | D:4      | Reached skill level 8 in Axes
  4500 | D:5      | Reached XP level 8. HP: 52/58 MP: 8/8
  4816 | D:5      | Reached skill level 9 in Axes
  4848 | D:5      | Found Nakkoh's Jewellery Shoppe.
  4927 | D:5      | Identified the +1 robe "Guhemec" {Str+3}
  5129 | D:4      | Reached skill level 10 in Axes
  5245 | D:5      | Noticed a two-headed ogre
  5462 | D:5      | Reached XP level 9. HP: 64/64 MP: 9/9
  5674 | D:6      | Found a staircase to the Ecumenical Temple.
  5682 | Temple   | Entered the Ecumenical Temple
  5798 | Temple   | Became a worshipper of the Wu Jian Council
  5957 | D:6      | Found a runed translucent door.
  5958 | D:6      | Noticed Tzialkovskiy's ghost (novice TrBr)
  6677 | D:7      | Identified a scroll of acquirement
  6677 | D:7      | Acquired the +6 executioner's axe of Gallantry {vorpal,
                  | rC+}
  6886 | D:7      | Reached skill level 11 in Axes
  6964 | D:7      | Reached skill level 1 in Dodging
  7556 | D:7      | Noticed a hornet
  7566 | D:7      | Killed a hornet
  7882 | D:7      | Noticed a brown ugly thing
  7912 | D:7      | Killed a brown ugly thing
  7913 | D:7      | Reached skill level 5 in Armour
  7913 | D:7      | Reached skill level 5 in Shields
  7913 | D:7      | Reached XP level 10. HP: 54/73 MP: 5/10
  7918 | D:7      | HP: 2/73 [gnoll sergeant (4)]
  7919 | D:7      | Succumbed to a gnoll sergeant's poison

Illustrated notes

Levels and vault maps discovered:
D:1:      amcnicky_arrival_single_pillar, layout_basic, st_stairs_12,
          minmay_misc_feat_encased, minmay_vboxes
D:2:      layout_rooms, basic_altar, hangedman_abyss_or_decor_stabs,
          grunt_ministairs_15
D:3:      kennysheep_big_flooded_room, layout_loops_ring,
          nemelex_diamond_rough_becter, uniq_ijyb
D:4:      layout_cave_pools, minmay_fountain_box, saegor_snake_ambush
D:5:      layout_rooms, serial_shops, nicolae_shop_crystal, st_stairs_6
D:6:      layout_layer_cave, temple_green, gammafunk_ghost_grave,
          kb_lookout_dungeons_type
D:7:      minmay_chambers_of_sevens, layout_loops_ring
Temple:   compressed_dpeg_circular_temple

Skill      XL: |  1  2  3  4  5  6  7  8  9 |
---------------+----------------------------+-----
Axes           | 3 4 5 7 8 10 11 | 11.8
Armour         | 5 |  5.0
Shields        | 5 |  5.0
Dodging        | 2 |  2.0
Fighting       | 4 |  4.5

Action                   |  1- 3 |  4- 6 |  7- 9 | 10-12 || total
-------------------------+-------+-------+-------+-------++-------
Melee: War axe           |   104 |   113 |    89 |       ||   306
       Executioner's axe |       |       |    56 |     5 ||    61
Invok: Lunge             |       |       |     4 |       ||     4
 Abil: Dig               |       |     7 |     7 |       ||    14
       Shaft Self        |       |       |       |     1 ||     1
  Use: Scroll            |     4 |     4 |    10 |       ||    18
Armor: Scale mail        |    45 |    33 |    22 |       ||   100
       Chain mail        |       |       |    34 |     1 ||    35
Dodge: Dodged            |    41 |    32 |    48 |       ||   121
Block: Kite shield       |    64 |    67 |    82 |     3 ||   216
